 Dungeon Crawl Stone Soup version 0.25-a0-10-g2fe12d4386 (webtiles) character file.

Game seed: 15650447487947314839, levelgen mode: deterministic

18777 dorpapst the Spear-Bearer (level 12, -7/117 HPs)
             Began as a Minotaur Berserker on Oct 15, 2019.
             Was the Champion of Trog.
             Mangled by a red devil
             ... wielding a +0 trident
             ... summoned by an orc high priest
              (21 damage)
             ... on level 2 of the Orcish Mines.
             The game lasted 00:40:16 (12405 turns).

dorpapst the Spear-Bearer (Minotaur Berserker)     Turns: 12405, Time: 00:40:16

Health: -7/117     AC:  3    Str: 25    XL:     12   Next: 30%
Magic:  11/11      EV:  8    Int:  4    God:    Trog [******]
Gold:   1245       SH:  0    Dex: 12    Spells: 11/11 levels left

rFire    . . .     SeeInvis .   a - +4 halberd
rCold    . . .     Gourm    .   (shield currently unavailable)
rNeg     . . .     Faith    .   D - +0 plate armour
rPois    .         Spirit   .   (helmet restricted)
rElec    .         Reflect  .   B - +0 cloak
rCorr    .         Harm     .   (no gloves)
MR       .....                  t - +0 pair of boots
Stlth    ..........             g - amulet of rage
HPRegen  0.29/turn              y - ring of flight
MPRegen  0.12/turn              H - ring of stealth

@: lethally poisoned (-7 -> -8), corroded, berserk cooldown, slowed, lightly
drained, very slow
A: retaliatory headbutt, horns 2
a: Berserk, Trog's Hand, Brothers in Arms, Renounce Religion, Evoke Berserk
Rage, Evoke Flight


You were on level 2 of the Orcish Mines.
You worshipped Trog.
Trog was exalted by your worship.
You were near starving.

You visited 2 branches of the dungeon, and saw 14 of its levels.

You collected 1245 gold pieces.

Inventory:

Hand Weapons
 a - a +4 halberd (weapon)
 A - a +1 trident
 I - a +3 trident
Missiles
 b - 5 boomerangs of dispersal (quivered)
 C - 5 boomerangs
Armour
 t - a +0 pair of boots (worn)
 B - a +0 cloak (worn)
 D - a +0 plate armour (worn)
Jewellery
 g - an amulet of rage (around neck)
 y - a ring of flight (left hand)
 H - a ring of stealth (right hand)
Wands
 x - a wand of disintegration (11)
 E - a wand of random effects (23)
 K - a wand of paralysis (6)
Scrolls
 e - a scroll of summoning {unknown}
 f - 2 scrolls of magic mapping {unknown}
 h - a scroll of vulnerability {unknown}
 s - 2 scrolls of enchant weapon
 u - 3 scrolls of teleportation
 v - 4 scrolls of enchant armour {unknown}
 F - 4 scrolls of remove curse
 G - 2 scrolls of identify
Potions
 d - 3 potions of ambrosia
 i - a potion of haste {unknown}
 j - 2 potions of invisibility {unknown}
 k - a potion of agility {unknown}
 l - a potion of cancellation {unknown}
 m - a potion of brilliance {unknown}
 n - 3 potions of resistance {unknown}
 p - a potion of magic {unknown}
 q - 3 potions of heal wounds {unknown}
 r - 4 potions of mutation {unknown}
 w - a potion of might {unknown}
 z - 3 potions of curing {unknown}
 J - a potion of flight {unknown}
 L - a potion of lignification {unknown}
Comestibles
 c - 22 rations


   Skills:
 + Level 14.0(13.5) Fighting
 - Level 14.0(13.4) Polearms
 + Level 13.8(13.2) Armour
 - Level 2.2(1.8) Dodging


You had 11 spell levels left.
You didn't know any spells.
Your spell library was empty.

Dungeon Overview and Level Annotations

Branches:
Dungeon (12/15)            Temple (0/1) D:4            Lair (0/6) D:10
    Orc (2/2) D:12
    Elf: Orc:2

Altars:
Dithmenos
Elyvilon
Gozag
Kikubaaqudgha
Makhleb
Nemelex Xobeh
Qazlal
Sif Muna
Uskayaw
Vehumet
Wu Jian
Xom
Beogh

Shops:
D:7 %   Orc:2 %

Annotations:
D:9 exclusion: ice statue


Innate Abilities, Weirdness & Mutations

You reflexively headbutt those who attack you in melee.
You have a pair of horns on your head.


Message History

* * * LOW HITPOINT WARNING * * *
Your iron troll bites the soul eater but does no damage.
Your iron troll barely misses the soul eater.
Your iron troll claws the soul eater.
The orc high priest prays to Beogh.
As you read the scroll of fear, it crumbles to dust.
You assume a fearsome visage.
The red devil is unaffected.
The sun demon is unaffected.
The soul eater is unaffected.
The orc high priest looks frightened!
The rust devil is unaffected.
You feel sick.
The rust devil disappears in a puff of smoke!
The soul eater hits you but does no damage.
Your iron troll bites the soul eater!!
Your iron troll barely misses the soul eater.
Your iron troll claws the soul eater!
The orc high priest prays to Beogh.
The orc high priest is healed somewhat.
The red devil hops backward while attacking.
The red devil hits you from afar with a +0 trident!!
You die...

#.#.## ###....#
######### #.#....###
#.......## #........##
..#####..####........##
##...##..............#
##..4.)##.....#.#......
#.......#........#.....
#∩._8o@T'....##.###....
#...3§3)#.....##.#.....
##.....##.....##.......
##...##.......#......#
#####..###.........##
.## #<........##
##.......## #.......###
#.........##


You could see a soul eater, an orc high priest (fleeing), a sun demon, a red
devil and a friendly iron troll (berserk).

Vanquished Creatures
  The ghost of Dupoa the Covert, a journeyman HuAr of Trog (D:10)
  2 hydras
  2 two-headed ogres
  Nergalle (D:11)
  A wizard (D:10)
  5 ugly things
  A kobold demonologist (D:12)
  A troll (D:11)
  Grinder (D:5)
  3 hippogriffs
  5 large abominations (D:10)
  A wraith (D:12)
  12 yaks
  2 wyverns (D:12)
  2 hogs (D:8)
  A human (D:8)
  A steam dragon (D:7)
  A hungry ghost (D:12)
  Menkaure (D:7)
  7 small abominations (D:10)
  4 orc warriors
  4 ice beasts
  A sky beast (D:11)
  A black bear (D:11)
  2 eyes of draining
  4 ogres
  7 centaurs
  A big kobold (D:10)
  A crocodile (D:9)
  4 bullfrogs
  A wyvern zombie (D:12)
  2 scorpions
  6 killer bees (D:10)
  3 howler monkeys
  14 wights
  8 crimson imps
  A bullfrog zombie (D:12)
  6 hounds
  A quasit (D:7)
  2 centaur zombies
  2 centaur skeletons
  2 jellies
  10 orc priests
  A gnoll shaman (D:7)
  18 orc wizards
  3 bullfrog skeletons
  3 iguanas
  10 worker ants
  A hound skeleton (D:5)
  A hound zombie (D:6)
  2 howler monkey zombies
  Robin (D:3)
  9 gnolls
  8 adders
  A howler monkey skeleton (D:11)
  A shadow imp (D:7)
  An adder zombie (D:9)
  An adder skeleton (D:8)
  6 worms
  2 dart slugs (D:2)
  3 leopard geckos
  62 orcs
  2 ball pythons
  6 bats
  4 giant cockroaches
  17 goblins
  6 hobgoblins
  13 jackals
  6 quokkas
  5 frilled lizards
  11 kobolds
  2 quokka skeletons
  3 rats
347 creatures vanquished.

Vanquished Creatures (collateral kills)
  A wyvern (D:11)
  An orc warrior (Orc:2)
  2 orcs (Orc:2)
4 creatures vanquished.

Grand Total: 351 creatures vanquished

Notes
Turn   | Place    | Note
-------+----------+-------------------------------------------
     0 | D:1      | dorpapst the Minotaur Berserker began the quest for the
                  | Orb.
     0 | D:1      | Reached XP level 1. HP: 19/19 MP: 0/0
   339 | D:1      | Reached XP level 2. HP: 27/27 MP: 1/1
   935 | D:2      | Reached skill level 5 in Polearms
   935 | D:2      | Reached XP level 3. HP: 27/33 MP: 2/2
  1134 | D:2      | Reached ** piety under Trog
  1207 | D:2      | Found a white marble altar of Elyvilon.
  2111 | D:3      | Reached XP level 4. HP: 40/40 MP: 3/3
  2618 | D:3      | Noticed Robin
  2632 | D:3      | Killed Robin
  2944 | D:3      | Reached *** piety under Trog
  2944 | D:3      | Reached XP level 5. HP: 33/46 MP: 4/4
  3037 | D:3      | HP: 2/46 [orc wizard/magic dart (8)]
  3042 | D:3      | Reached XP level 6. HP: 2/52 MP: 5/5
  3562 | D:4      | Found a staircase to the Ecumenical Temple.
  3629 | D:4      | Found an ornate altar of the Wu Jian Council.
  3886 | D:4      | Found an opulent altar of Gozag.
  3896 | D:4      | Found a hide-covered altar of Uskayaw.
  3897 | D:4      | Found a shimmering blue altar of Sif Muna.
  3898 | D:4      | Found a shadowy altar of Dithmenos.
  3898 | D:4      | Found a shimmering altar of Xom.
  3923 | D:4      | Reached XP level 7. HP: 52/58 MP: 6/6
  4067 | D:4      | Found a burning altar of Makhleb.
  4271 | D:4      | Reached skill level 10 in Polearms
  4303 | D:5      | Entered Level 5 of the Dungeon
  4312 | D:5      | Noticed Grinder
  4319 | D:5      | Killed Grinder
  4446 | D:5      | Reached XP level 8. HP: 66/66 MP: 7/7
  4643 | D:5      | Found a stormy altar of Qazlal.
  4769 | D:6      | Reached **** piety under Trog
  4994 | D:6      | Found an ornate altar of the Wu Jian Council.
  5428 | D:7      | Noticed Menkaure
  5777 | D:7      | Killed Menkaure
  5777 | D:7      | Reached XP level 9. HP: 71/71 MP: 8/8
  6114 | D:7      | Found Acoph's Food Shoppe.
  6240 | D:7      | Found a radiant altar of Vehumet.
  6298 | D:7      | Reached skill level 5 in Fighting
  6515 | D:8      | Reached ***** piety under Trog
  6515 | D:8      | Reached skill level 5 in Armour
  6563 | D:8      | Found a sparkling altar of Nemelex Xobeh.
  7089 | D:8      | Found an ancient bone altar of Kikubaaqudgha.
  7192 | D:8      | Reached XP level 10. HP: 88/88 MP: 9/9
  7832 | D:9      | Noticed an ice statue
  8192 | D:10     | Entered Level 10 of the Dungeon
  8250 | D:10     | Found a staircase to the Lair.
  8400 | D:10     | Found a runed translucent door.
  8400 | D:10     | Noticed Dupoa's ghost (journeyman HuAr)
  8654 | D:10     | Noticed a wizard
  8658 | D:10     | Killed a wizard
  8658 | D:10     | Reached skill level 10 in Fighting
  8669 | D:10     | Noticed a large abomination
  8675 | D:10     | Reached skill level 10 in Armour
  8680 | D:10     | Noticed a large abomination
  8701 | D:10     | Killed a large abomination
  8701 | D:10     | Reached XP level 11. HP: 101/101 MP: 10/10
  8719 | D:10     | Killed a large abomination
  8894 | D:10     | Killed Dupoa's ghost
  8947 | D:11     | Reached ****** piety under Trog
  8947 | D:11     | Received a gift from Trog
  9111 | D:11     | Noticed a green ugly thing
  9121 | D:11     | Killed a green ugly thing
  9644 | D:11     | Noticed a cyan ugly thing
  9657 | D:11     | Killed a cyan ugly thing
  9767 | D:11     | Noticed Nergalle
  9783 | D:11     | Killed Nergalle
 10084 | D:11     | Noticed a four-headed hydra
 10102 | D:11     | Killed a six-headed hydra
 10452 | D:12     | Noticed a purple ugly thing
 10456 | D:12     | Killed a purple ugly thing
 10474 | D:12     | Noticed a purple ugly thing
 10484 | D:12     | Killed a purple ugly thing
 10783 | D:12     | Found a staircase to the Orcish Mines.
 10873 | D:12     | Reached XP level 12. HP: 89/115 MP: 11/11
 10904 | D:12     | Noticed a five-headed hydra
 10919 | D:12     | Killed a 13-headed hydra
 11224 | D:12     | Found a white marble altar of Elyvilon.
 11849 | Orc:1    | Entered Level 1 of the Orcish Mines
 11849 | Orc:1    | Noticed a two-headed ogre
 11863 | D:12     | Killed a two-headed ogre
 12165 | Orc:1    | Noticed a two-headed ogre
 12171 | Orc:1    | Killed a two-headed ogre
 12340 | Orc:2    | Entered Level 2 of the Orcish Mines
 12386 | Orc:2    | Found a roughly hewn altar of Beogh.
 12386 | Orc:2    | Noticed an orc high priest
 12390 | Orc:2    | Found Oxaal's Food Boutique.
 12405 | Orc:2    | Mangled by a red devil

Levels and vault maps discovered:
D:1:      minmay_arrival_plants_in_alcoves, layout_basic,
          minmay_misc_feat_encased, minmay_parallelograms, chequers_jeans
D:2:      layout_loops_ring, elyvilon_altar_4, nrook_mini_vaults,
          hangedman_decor_points
D:3:      layout_basic, uniq_robin
D:4:      layout_loops_ring, overflow_temple_1_default, lemuel_round_altar,
          grunt_temple_overflow_open, minmay_temple_entry_glass
D:5:      layout_basic, grunt_qazlal_clouds, first_ration, uniq_grinder
D:6:      layout_rooms, basic_altar
D:7:      layout_rooms, fiery_altar_vehumet, serial_shops, nicolae_shop_crystal,
          uniq_menkaure
D:8:      layout_rooms, nemelex_xobeh_ov_fountains_minmay,
          nicolae_overflow_crystal_walls, minmay_misc_feat_hallway,
          grunt_livestock
D:9:      layout_roguey, minivault_16
D:10:     layout_big_octagon, lair_entry_dummy, hellmonk_ghost_happy_afterlife,
          laboratory
D:11:     layout_small_grid, uniq_nergalle
D:12:     layout_rooms, hiddenorc2_lemuel, basic_altar
Orc:1:    layout_caves
Orc:2:    grunt_orc_community_town_hall, layout_diamond_mine,
          grunt_orc_community_big_house_1, grunt_orc_community_big_house_2,
          grunt_orc_community_house_3, grunt_orc_community_house_1,
          grunt_orc_community_house_3, grunt_orc_community_house_1,
          grunt_orc_community_house_1, serial_shops, shop_scrolls, uniq_rupert

Skill      XL: |  1  2  3  4  5  6  7  8  9 10 11 12 |
---------------+-------------------------------------+-----
Polearms       | 4 5 7 8 9 11 13 14 | 14.0
Fighting       | 7 10 13 14 | 14.0
Armour         | 7 10 13 | 13.8
Dodging        | |  2.2

Action                   |  1- 3 |  4- 6 |  7- 9 | 10-12 || total
-------------------------+-------+-------+-------+-------++-------
Melee: Spear             |   100 |   187 |    40 |       ||   327
       Headbutt          |    13 |    26 |    49 |   110 ||   198
       Trident           |       |       |   119 |   193 ||   312
       Halberd           |       |       |   131 |   308 ||   439
Throw: Boomerang         |       |       |       |     3 ||     3
Invok: Berserk           |       |     2 |     5 |    14 ||    21
       Brothers in Arms  |       |       |       |     2 ||     2
  Use: Scroll            |       |       |     9 |     4 ||    13
 Stab: Sleeping          |     1 |       |       |       ||     1
  Eat: Chunk             |     4 |     7 |    12 |    19 ||    42
       Ration            |       |       |     1 |     3 ||     4
Armor: Animal skin       |     2 |       |       |       ||     2
       Ring mail         |    10 |     3 |       |       ||    13
       Scale mail        |       |    31 |    25 |       ||    56
       Plate armour      |       |       |    72 |   206 ||   278
Dodge: Dodged            |    28 |    48 |    88 |   116 ||   280

Table legend:
 A = Non-vault XP
 B = Vault XP
 C = Vault XP percentage of total XP
 D = Non-vault monster count
 E = Vault monster count
 F = Vault count percentage of total count
                 A         B        C        D         E       F
            +---------+---------+-------+---------+---------+-------
      Total |   19153 |    7672 |  28.6 |     278 |      73 |  20.8
            +---------+---------+-------+---------+---------+-------
        D:1 |      25 |       0 |   0.0 |      17 |       0 |   0.0
        D:2 |      65 |       0 |   0.0 |      19 |       0 |   0.0
        D:3 |     128 |      34 |  21.0 |      21 |      11 |  34.4
        D:4 |     645 |       0 |   0.0 |      27 |       0 |   0.0
        D:5 |     448 |     281 |  38.5 |      11 |       1 |   8.3
        D:6 |     696 |       0 |   0.0 |      14 |       0 |   0.0
        D:7 |    1143 |     165 |  12.6 |      27 |       1 |   3.6
        D:8 |     928 |     971 |  51.1 |      30 |       5 |  14.3
        D:9 |    1728 |       0 |   0.0 |      17 |       0 |   0.0
       D:10 |    1437 |    4821 |  77.0 |      32 |      14 |  30.4
       D:11 |    4513 |     796 |  15.0 |      29 |       1 |   3.3
       D:12 |    6280 |     443 |   6.6 |      30 |      32 |  51.6
      Orc:1 |    1117 |       0 |   0.0 |       4 |       0 |   0.0
      Orc:2 |       0 |     161 | 100.0 |       0 |       8 | 100.0
            +---------+---------+-------+---------+---------+-------
